 Dungeon Crawl Stone Soup version 0.17.2-1-ge4368a0 (webtiles) character file.

254 Goblin1989 the Insei (level 5, 0/41 HPs)
             Began as a Demonspawn Monk on Aug 29, 2017.
             Slain by Purgy (4 damage)
             ... in the Ecumenical Temple.
             The game lasted 00:08:23 (2253 turns).

Goblin1989 the Insei (Demonspawn Monk)              Turns: 2253, Time: 00:08:23

Health: 0/41       AC:  6    Str: 13    XL:     5   Next: 90%
Magic:  5/5        EV: 15    Int: 11    God:
Gold:   178        SH:  0    Dex: 15    Spells: 0 memorised, 4 levels left

rFire  . . .     SeeInvis .     a - +0 whip
rCold  . . .     Clarity  .     j - +0 ring mail
rNeg   + . .     SustAt   .     (no shield)
rPois  .         Gourm    .     (helmet restricted)
rElec  .         Spirit   .     (no cloak)
rCorr  .         Warding  .     t - +0 pair of gloves
rMut   .         Stasis   .     (no boots)
MR     .....                    (no amulet)
Stlth  +.........               o - ring of positive energy
                                u - +4 ring of evasion

@: not resistant to hostile enchantments, very unstealthy
A: antennae 1, spiny 1
a: no special abilities


You were in the Ecumenical Temple.
You were very hungry.

You visited 2 branches of the dungeon, and saw 5 of its levels.

You collected 178 gold pieces.

Inventory:

Hand Weapons
 a - a +0 whip (weapon)
 b - a +0 hunting sling
Missiles
 d - 6 steel javelins
 f - 103 stones (quivered)
 h - 9 poisoned needles
 k - 21 arrows
 l - 49 sling bullets
 p - 45 bolts
 r - 18 steel sling bullets
Armour
 j - a +0 ring mail (worn)
 t - a +0 pair of gloves (worn)
Jewellery
 o - a ring of positive energy (right hand)
 u - a +4 ring of evasion (left hand)
Potions
 g - a potion of haste {@q3, !q}
 m - a potion of lignification {unknown}
 n - a potion of resistance
 q - 2 potions of curing {@q1}
Comestibles
 c - a meat ration {@e2}
 e - 3 bread rations {@e1}
 i - a beef jerky


   Skills:
 - Level 3.0 Fighting
 + Level 4.4 Maces & Flails
 - Level 2.6 Dodging
 - Level 1.7 Stealth
 - Level 4.6 Unarmed Combat


You had 4 spell levels left.
You didn't know any spells.

Dungeon Overview and Level Annotations

Branches:
Dungeon (4/15)             Temple (1/1) D:4

Altars:
Dithmenos
Elyvilon
Kikubaaqudgha
Vehumet
Xom
Zin
The Shining One

Annotations:
D:4 Pikel
Temple Purgy


Innate Abilities, Weirdness & Mutations

You have a pair of small antennae on your head.
You are partially covered in sharp spines.


Message History

Pikel burns you.
* * * LOW HITPOINT WARNING * * *
You take 4 damage, and have 16/41 hp.
Drink which item? (? for menu, Esc to quit)
It was a potion of flight.
You feel very buoyant.
You fly up into the air.
Pikel is struck by your spines. Pikel hits you with a whip of flaming.
* * * LOW HITPOINT WARNING * * *
Pikel burns you.
* * * LOW HITPOINT WARNING * * *
Pikel hits you with a whip of flaming!
* * * LOW HITPOINT WARNING * * *
Pikel burns you.
* * * LOW HITPOINT WARNING * * *
You take 14 damage, and have 2/41 hp.
O_OOPS!!
MASSIVE DAMAGE!!
Drink which item? (? for menu, Esc to quit)
Really quaff
g - 2 potions of haste {@q3, !q}?
You feel yourself speed up.
Pikel is no longer moving quickly.
Pikel is struck by your spines. Pikel closely misses you.
You are very lightly contaminated with residual magic.
You see here a leather armour.
You reach down and open the door.
Pikel waves his whip at you.
There is an open door here.
You are feeling very hungry.
You reach down and open the door.
Found a stone staircase leading down.
A hound comes into view.
There is an open door here.
The hound is struck by your spines. The hound closely misses you.
There is a stone staircase leading down here.
You hear the brisk hiss of a distant avalanche of sand.
You see here a potion of curing {@q1}.
q - 2 potions of curing {@q1} (gained 1)
The hound bites you but does no damage.
Your extra speed is starting to run out.
You are starting to lose your buoyancy.
You feel yourself slow down.
You hit the hound.
The hound is moderately wounded.
The hound closely misses you.
You hit the hound.
The hound is heavily wounded.
The hound is struck by your spines. The hound misses you.
You closely miss the hound.
The hound is severely wounded.
You float gracefully downwards.
The hound barely misses you. The hound bites you but does no damage.
You barely miss the hound.
The hound is severely wounded.
The hound is struck by your spines. The hound closely misses you.
You barely miss the hound.
The hound is almost dead.
The hound bites you but does no damage.
You barely miss the hound.
The hound is almost dead.
The hound is struck by your spines.
You kill the hound!
You hit the jackal.
You kill the jackal!
A jackal comes into view.
The jackal barks!
You see here 6 steel javelins.
d - 6 steel javelins The jackal closely misses you.
The jackal is struck by your spines.
You kill the jackal!
The jackal is struck by your spines.
You kill the jackal!
Found a stone staircase leading up.
You hear the brisk hiss of a distant avalanche of sand.
Found an escape hatch in the floor.
There is a stone staircase leading up here.
Found a stone staircase leading down.
Purgy the Meek comes into view.
Found a staircase to the Ecumenical Temple.
Your magical contamination has completely faded away.
Found a stone staircase leading down.
There is a staircase to the Ecumenical Temple here.
Purgy is struck by your spines. Purgy bites you.
* * * LOW HITPOINT WARNING * * *
Purgy misses you. Purgy claws you but does no damage.
You climb downwards.
Welcome to the Ecumenical Temple!
There is a staircase back to the Dungeon here.
Unknown command.
Found two altars.
Found a shimmering altar of Xom.
Found a glowing silver altar of Zin and a radiant altar of Vehumet.
Found a shadowy altar of Dithmenos.
There is a shimmering altar of Xom here.
Purgy bites you.
* * * LOW HITPOINT WARNING * * *
Purgy misses you. Purgy barely misses you.
You take 4 damage, and have 10/41 hp.
Unknown command.
Unknown command.
Purgy is struck by your spines. Purgy bites you!
* * * LOW HITPOINT WARNING * * *
Purgy closely misses you. Purgy claws you.
You die...

≈≈≈≈≈≈≈≈≈≈≈≈≈≈≈≈
≈≈≈≈≈≈≈≈≈≈≈≈≈≈≈≈≈
≈≈≈≈≈≈≈≈≈≈≈≈≈≈≈≈≈≈
≈≈≈≈≈≈≈≈≈≈...≈≈≈≈≈
≈≈≈≈≈≈≈≈≈..⌂..≈≈≈≈≈
≈≈≈≈≈≈≈.........≈≈≈≈
≈≈≈≈≈≈..⌂.....⌂..≈≈≈≈
≈≈≈≈≈≈≈...@.....≈≈≈≈≈≈
≈≈≈≈≈≈≈..T≈≈≈...≈≈≈≈≈≈
≈≈≈≈≈≈...≈≈≈≈≈...≈≈≈≈≈
≈≈≈≈≈...≈≈...≈≈...≈≈≈≈
≈≈≈≈≈......⌂......≈≈≈≈
≈≈≈≈..⌂.........⌂..≈≈≈
≈≈≈≈≈...≈≈≈.......≈≈≈≈
≈≈≈≈≈≈≈≈≈≈≈≈...≈≈≈≈≈≈≈
≈≈≈≈≈≈≈≈≈≈≈≈≈...≈≈≈≈≈≈


You could see Purgy.

Vanquished Creatures
  An ogre (D:4)
  A hound (D:4)
  An iguana (D:4)
  4 adders
  An ooze (D:1)
  3 worms
  2 giant geckos
  2 orcs
  7 bats
  2 giant cockroaches
  7 hobgoblins
  12 kobolds
  3 quokkas (D:3)
  2 ball pythons
  A giant newt (D:1)
  8 goblins
  6 jackals (D:4)
  6 rats
69 creatures vanquished.

Notes
Turn   | Place    | Note
--------------------------------------------------------------
     0 | D:1      | Goblin1989 the Demonspawn Monk began the quest for the Orb.
     0 | D:1      | Reached XP level 1. HP: 18/18 MP: 1/1
   249 | D:1      | Reached skill level 4 in Unarmed Combat
   304 | D:1      | Gained mutation: You are partially covered in sharp spines. [demonic ancestry]
   304 | D:1      | Reached XP level 2. HP: 24/24 MP: 2/2
   762 | D:2      | Gained mutation: You have a pair of small antennae on your head. [demonic ancestry]
   762 | D:2      | Reached XP level 3. HP: 29/29 MP: 3/3
  1035 | D:2      | Reached skill level 1 in Maces & Flails
  1185 | D:2      | Reached XP level 4. HP: 30/35 MP: 4/4
  1799 | D:4      | Found an ancient bone altar of Kikubaaqudgha.
  1827 | D:4      | Noticed an ogre
  1839 | D:4      | Killed an ogre
  1839 | D:4      | Reached XP level 5. HP: 41/41 MP: 5/5
  2066 | D:4      | Noticed a slave
  2066 | D:4      | Noticed a slave
  2067 | D:4      | Noticed a slave
  2069 | D:4      | Noticed Pikel
  2069 | D:4      | Noticed a slave
  2122 | D:4      | HP: 2/41 [Pikel/whip of flaming (1)]
  2221 | D:4      | Noticed Purgy
  2226 | D:4      | Found a staircase to the Ecumenical Temple.
  2235 | Temple   | Entered the Ecumenical Temple
  2253 | Temple   | Slain by Purgy

Action                   |  1- 3 |  4- 6 || total
-------------------------+-------+-------++-------
Melee: Unarmed           |    69 |     3 ||    72
       Whip              |    16 |    67 ||    83
  Use: Scroll            |       |     7 ||     7
       Potion            |       |     2 ||     2
 Stab: Sleeping          |     2 |       ||     2
  Eat: Chunk             |     1 |     2 ||     3

Vault maps used:
D:1:      dpeg_arrival_simpleton_c
D:2:      minmay_kobold_bridge
D:4:      kiku_gazebo_garden_becter, minmay_temple_entry_trees,
          nicolae_ossuary_entry_ruins, first_bread, hangedman_decor_peaks_small,
          kennysheep_crisscross, uniq_purgy, uniq_pikel
Temple:   eino_temple_water_12
